 Dungeon Crawl Stone Soup version 0.19.5 (webtiles) character file.

119 Nelagord the Ducker (level 4, -7/40 HPs)
             Began as a Minotaur Gladiator on Mar 15, 2017.
             Mangled by Frank's ghost (9 damage)
             ... on level 3 of the Dungeon.
             The game lasted 00:04:30 (1795 turns).

Nelagord the Ducker (Minotaur Gladiator)            Turns: 1795, Time: 00:04:31

Health: -7/40      AC:  2    Str: 20    XL:     4   Next: 73%
Magic:  3/3        EV: 14    Int:  5    God:
Gold:   108        SH:  0    Dex: 11    Spells: 0 memorised, 3 levels left

rFire  . . .     SeeInvis .     a - +1 war axe
rCold  . . .     Gourm    .     (no armour)
rNeg   . . .     Faith    .     (no shield)
rPois  +         Spirit   .     (helmet restricted)
rElec  .         Reflect  .     c - +0 cloak
rCorr  .         Harm     .     (no gloves)
MR     .....     Clarity  +     h - +0 pair of boots
Stlth  +.........               (no amulet)
                                (no ring)
                                (no ring)

@: no status effects
A: retaliatory headbutt, horns 2, clarity, poison resistance
a: no special abilities


You were on level 3 of the Dungeon.
You were not hungry.

You visited 1 branch of the dungeon, and saw 3 of its levels.

You collected 108 gold pieces.

Inventory:

Hand Weapons
 a - a +1 war axe (weapon)
Missiles
 d - 3 throwing nets (quivered)
Armour
 c - a +0 cloak (worn)
 h - a +0 pair of boots (worn)
 m - a +0 leather armour of cold resistance
Wands
 b - a wand of slowing (34/48)
Comestibles
 f - a bread ration


   Skills:
 * Level 4.2 Fighting
 - Level 3.6 Axes
 - Level 2.0 Throwing
 * Level 5.1 Dodging


You had 3 spell levels left.
You didn't know any spells.

Dungeon Overview and Level Annotations

Branches:
Dungeon (3/15)

Altars:

Annotations:
D:3 Frank's ghost, amateur GrGl


Innate Abilities, Weirdness & Mutations

You reflexively headbutt those who attack you in melee.
You have a pair of horns on your head.
You possess an exceptional clarity of mind.
Your system is resistant to poisons. (rPois)


Message History

You headbutt Frank's ghost, but do no damage.
Frank's ghost barely misses you. You furiously retaliate!
You headbutt Frank's ghost. You barely miss Frank's ghost.
Frank's ghost is severely damaged.
Frank's ghost hits you!
You hit Frank's ghost.
Frank's ghost is severely damaged.
Frank's ghost hits you!
* * * LOW HITPOINT WARNING * * *
Frank's ghost hits you!
* * * LOW HITPOINT WARNING * * *
Unknown command.
You barely miss Frank's ghost.
Frank's ghost is severely damaged.
Frank's ghost barely misses you.
You barely miss Frank's ghost.
Frank's ghost is severely damaged.
Frank's ghost hits you!
You die...

#.#.....###.<.#####.
..#....?............
.......# #><.#
#####..#%.#
#...####... #
......#..###..).....#
#.
#)............####...
.. ##.....#%.###)###
#.#.#.###.##!.# #.#
#.....)...W@.[# #.#
#............(..# #..
.......######[### ###
#.####. #.# # #. #.#
.. #.# .# #.# #. #.#


You could see Frank's ghost.

Vanquished Creatures
  8 adders
  A worm (D:2)
  4 giant cockroaches
  5 goblins
  8 hobgoblins
  3 jackals (D:1)
  A quokka (D:2)
  3 bats
  A frilled lizard (D:2)
  7 kobolds
41 creatures vanquished.

Notes
Turn   | Place    | Note
-------+----------+-------------------------------------------
     0 | D:1      | Nelagord the Minotaur Gladiator began the quest for the Orb.
     0 | D:1      | Reached XP level 1. HP: 18/18 MP: 0/0
   254 | D:1      | Reached XP level 2. HP: 22/25 MP: 1/1
   490 | D:2      | Reached skill level 4 in Dodging
   669 | D:2      | Reached XP level 3. HP: 25/31 MP: 2/2
  1161 | D:2      | Reached XP level 4. HP: 33/40 MP: 3/3
  1271 | D:2      | Reached skill level 5 in Dodging
  1707 | D:2      | Gained mutation: You possess an exceptional clarity of mind. [potion of mutation]
  1707 | D:2      | Gained mutation: Your system is resistant to poisons. (rPois) [potion of mutation]
  1781 | D:3      | Noticed Frank's ghost (amateur GrGl)
  1793 | D:3      | HP: 1/40 [Frank's ghost (9)]
  1795 | D:3      | Mangled by Frank's ghost

Skill      XL: |  1  2  3  4 |
---------------+-------------+-----
Fighting       | 3 4 |  4.2
Dodging        | 4 5 |  5.1
Axes           | |  3.6
Throwing       | |  2.0

Action                   |  1- 3 |  4- 6 || total
-------------------------+-------+-------++-------
Melee: War axe           |    51 |    37 ||    88
       Headbutt          |     4 |     4 ||     8
  Use: Scroll            |       |     5 ||     5
       Potion            |       |     2 ||     2
 Stab: Sleeping          |     2 |       ||     2
  Eat: Bread ration      |       |     1 ||     1
Armor: Skin              |     5 |     6 ||    11
Dodge: Dodged            |    41 |    28 ||    69
